 Dungeon Crawl Stone Soup version 0.24.0-123-gd5b16e6ec5 (webtiles) character file.

Game seed: 18240460025779081857, levelgen mode: deterministic

98360 1994 the Severer (level 16, -3/127 HPs)
             Began as a Formicid Fighter on Jan 20, 2020.
             Was a Follower of Uskayaw.
             Slain by an eight-headed hydra (5 damage)
             ... on level 1 of the Swamp.
             The game lasted 01:57:55 (33192 turns).

1994 the Severer (Formicid Fighter)                Turns: 33192, Time: 01:57:55

Health: -3/127     AC: 29    Str: 27    XL:     16   Next: 72%
Magic:  26/26      EV: 10    Int: 14    God:    Uskayaw [*.....]
Gold:   2311       SH: 23    Dex: 10    Spells: 15/15 levels left

rFire    + . .     SeeInvis +   b - +4 dire flail (protect)
rCold    . . .     Gourm    .   L - +0 large shield
rNeg     . . .     Faith    .   T - +3 plate armour {rPois}
rPois    +         Spirit   .   (helmet unavailable)
rElec    .         Reflect  +   M - +0 cloak
rCorr    .         Harm     .   S - +0 pair of gloves (curse)
MR       +....                  (no boots)
Stlth    ..........             R - +2 amulet of reflection
HPRegen  0.31/turn              p - +2 ring of protection
MPRegen  0.20/turn              k - ring of protection from fire

@: mighty, protection aura
A: permanent stasis, dig shafts and tunnels, four strong arms, antennae 3
a: Dig, Shaft Self, Stomp, Renounce Religion


You were on level 1 of the Swamp.
You worshipped Uskayaw.
Uskayaw was pleased with you.
You were not hungry.

You visited 5 branches of the dungeon, and saw 25 of its levels.
You also visited: Sewer.

You collected 2695 gold pieces.
You spent 384 gold pieces at shops.

Inventory:

Hand Weapons
 a - a +3 battleaxe of venom
 b - a +4 dire flail of protection (weapon)
 u - a +0 hunting sling
 U - a +1 battleaxe of chopping
Missiles
 h - 8 curare-tipped darts (quivered)
 j - 534 stones
 y - 87 sling bullets
 C - 77 poisoned darts
Armour
 F - a +0 troll leather armour {Purgy}
 L - a +0 large shield (worn)
 M - a +0 cloak (worn)
 S - a cursed +0 pair of gloves (worn)
 T - a +3 plate armour of poison resistance (worn)
Magical Staves
 r - an uncursed staff of cold
 D - an uncursed staff of death
Jewellery
 i - an uncursed ring of wizardry
 k - a ring of protection from fire (right hand)
 p - a +2 ring of protection (left hand)
 s - a +2 ring of evasion
 R - a +2 amulet of reflection (around neck)
Wands
 n - a wand of acid (8)
 B - a wand of random effects (30)
 E - a wand of clouds (6)
 J - a wand of paralysis (25)
 K - a wand of flame (31)
 W - a wand of enslavement (9)
 Z - a wand of digging (10)
Scrolls
 c - a scroll of summoning {unknown}
 m - 16 scrolls of remove curse
 q - 2 scrolls of immolation
 t - a scroll of acquirement {unknown}
 x - 3 scrolls of fog
 z - a scroll of vulnerability {unknown}
 A - 4 scrolls of magic mapping
 G - a scroll of fear {unknown}
 H - 8 scrolls of identify
 N - a scroll of noise {unknown}
Potions
 d - 2 potions of might
 e - a potion of invisibility
 g - 6 potions of lignification
 l - 7 potions of curing
 o - 4 potions of heal wounds
 w - 5 potions of brilliance
 I - 3 potions of agility
 P - a potion of magic
 X - 4 potions of cancellation
 Y - a potion of ambrosia
Miscellaneous
 O - a phantom mirror
 Q - 2 boxes of beasts
 V - a phial of floods
Comestibles
 f - 44 rations


   Skills:
 + Level 12.0 Fighting
 * Level 16.3 Axes
 - Level 9.8 Armour
 + Level 6.1 Dodging
 - Level 15.0 Shields
 + Level 14.4 Invocations


You had 15 spell levels left.
You didn't know any spells.
Your spell library contained the following spells:

 Spells                   Type           Power        Failure   Level  Hunger
 Corona                   Hex            #......      95%         1    ##.....
 Magic Dart               Conj           #...         95%         1    ##.....
 Call Imp                 Summ           #.......     98%         2    ###....
 Ensorcelled Hibernation  Hex/Ice        #.....       98%         2    ###....
 Slow                     Hex            #.......     98%         2    ###....
 Sublimation of Blood     Necr           #.........   98%         2    ###....
 Conjure Flame            Conj/Fire      #.......     100%        3    ####...
 Ignite Poison            Fire/Tmut/Pois #.......     100%        3    ####...
 Inner Flame              Hex/Fire       #.......     100%        3    ####...
 Mephitic Cloud           Conj/Pois/Air  #.......     100%        3    ####...
 Portal Projectile        Hex/Tloc       #.....       100%        3    ####...
 Static Discharge         Conj/Air       #.......     100%        3    ####...
 Animate Dead             Necr           N/A          100%        4    #####..
 Cause Fear               Hex            #.........   100%        4    #####..
 Leda's Liquefaction      Hex/Erth       #.........   100%        4    #####..
 Petrify                  Tmut/Erth      #.......     100%        4    #####..
 Alistair's Intoxication  Tmut/Pois      #.......     100%        5    ######.
 Borgnjor's Vile Clutch   Necr/Erth      #.........   100%        5    ######.
 Excruciating Wounds      Chrm/Necr      #.........   100%        5    ######.
 Irradiate                Conj/Tmut      #.........   100%        5    ######.
 Lightning Bolt           Conj/Air       #.........   100%        5    ######.
 Silence                  Hex/Air        #.........   100%        5    ######.
 Darkness                 Hex            #.........   100%        6    #######
 Shadow Creatures         Summ           N/A          100%        6    #######
 Simulacrum               Ice/Necr       #.........   100%        6    #######
 Ignition                 Fire           #.........   100%        8    #######
 Shatter                  Erth           #.........   100%        9    #######
 Tornado                  Air            #.........   100%        9    #######
 Blink                    Tloc           Unusable     N/A         2    N/A

Dungeon Overview and Level Annotations

Branches:
Dungeon (15/15)            Temple (1/1) D:5            Lair (6/6) D:10
  Swamp (1/4) Lair:3        Snake (0/4) Lair:3        Slime (0/5) Lair:6
    Orc (2/2) D:11            Elf (0/3) Orc:2        Vaults (0/5) D:14
 Depths (0/5) D:15          Sewer (visited)

Altars:
Ashenzari
Cheibriados
Dithmenos
Elyvilon
Fedhas
Gozag
Hepliaklqana
Kikubaaqudgha
Makhleb
Nemelex Xobeh
Okawaru
Qazlal
Ru
Sif Muna
Trog
Uskayaw
Vehumet
Wu Jian
Xom
Yredelemnul
Zin
The Shining One
Beogh

Shops:
D:12 (   D:15 }   Orc:2 %[((

Portals:
Trove: D:15 (give +7 demon trident)

Annotations:
D:15 zephyr, Louise


Innate Abilities, Weirdness & Mutations

You cannot be hasted, slowed, berserked, paralysed or teleported.
You can dig through walls and to a lower floor.
Your four strong arms can wield two-handed weapons with a shield.
You have a pair of large antennae on your head. (SInv)


Message History

The eight-headed hydra bites you but does no damage.
Unknown command.
Unknown command.
You sock the eight-headed hydra!
The eight-headed hydra is heavily wounded.
Unknown command.
Unknown command.
Unknown command.
You bludgeon the eight-headed hydra!!
The eight-headed hydra is almost dead.
You block the eight-headed hydra's attack.
The eight-headed hydra closely misses you.
The eight-headed hydra bites you!
* * * LOW HITPOINT WARNING * * *
You block the eight-headed hydra's attack.
The eight-headed hydra bites you but does no damage.
The eight-headed hydra closely misses you.
You block the eight-headed hydra's attack.
The eight-headed hydra bites you.
You die...

≈≈♣♣≈≈≈.♣♣♣
♣≈≈.≈≈..♣♣
≈≈≈≈≈≈≈.♣≈♣♣ ♣..≈≈≈.♣
≈≈≈≈...≈.≈≈♣ ♣♣.≈≈≈<♣
≈≈≈....≈.≈.♣♣
♣>≈≈≈.♣♣♣♣
.../....≈≈≈≈♣
♣≈≈≈≈≈.♣♣≈
≈!≈.≈≈≈.†≈.≈♣
♣♣♣..≈≈≈.♣♣♣
♣.≈≈≈≈≈††.[♣♣♣♣
♣♣..≈♣≈......
♣♣.$...♣.[.≈..♣
♣♣≈..♣♣♣≈....†
♣♣♣...♣♣.♣♣D@♣♣♣..?♣♣
♣.≈≈.>≈
♣♣..≈≈♣♣♣♣≈.≈.≈≈.♣
♣≈≈≈..♣ ♣♣♣..
♣♣≈..≈≈.♣♣♣♣......
♣♣♣
♣...≈≈≈.≈≈≈≈≈♣....
♣.§....≈..♣♣♣♣♣...
♣♣♣♣♣≈≈♣♣≈♣ ♣≈..
♣♣♣♣♣♣♣ ♣≈≈♣ ♣♣♣♣


You could see an eight-headed hydra.

Vanquished Creatures
  Gastronok (D:9)
  An orc warlord (Orc:2)
  A stone giant (Orc:1)
  Nessos (D:12)
  An ettin (D:15)
  A fire dragon (Lair:6)
  8 hydras
  A shambling mangrove (Swamp:1)
  A catoblepas (Lair:6)
  An ogre mage (D:15)
  An alligator (Swamp:1)
  3 centaur warriors
  8 death yaks
  4 tengu warriors
  5 two-headed ogres
  A hell knight (D:15)
  2 unseen horrors
  A glowing orange brain (shapeshifter) (D:14)
  Pikel (D:9)
  A swamp dragon (Swamp:1)
  2 orc knights (Orc:2)
  A lindwurm (shapeshifter) (D:14)
  A lindwurm (Lair:6)
  A deep elf archer (D:15)
  A wolf spider zombie (D:12)
  3 deep elf magi
  An oklob plant (Lair:4)
  10 ugly things
  2 manticores
  An orb spider (shapeshifter) (D:14)
  20 elephants (Lair:5)
  3 molten gargoyles (Lair:6)
  2 centaur zombies (D:13)
  5 black mambas
  15 spiny frogs
  2 gargoyles (D:12)
  9 komodo dragons
  2 rime drakes
  A demonic crawler (Lair:1)
  3 kobold demonologists
  A queen bee (shapeshifter) (D:14)
  12 trolls
  A polar bear (Lair:6)
  A tyrant leech (Swamp:1)
  2 hornets (Swamp:1)
  8 hippogriffs
  A bog body (Swamp:1)
  14 blink frogs
  5 dream sheep
  4 slime creatures (D:12)
  7 wyverns
  A yak (shapeshifter) (D:14)
  A vampire (D:10)
  53 yaks
  6 basilisks
  2 hungry ghosts
  7 vampire mosquitoes
  2 steam dragons (Lair:6)
  4 nagas (Lair:3)
  3 wargs
  2 swamp worms
  A soldier ant (D:14)
  12 water moccasins
  5 hell hounds (Lair:6)
  An acid dragon (D:12)
  3 porcupines
  An ice beast (D:5)
  52 orc warriors
  4 slaves (D:9)
  Purgy (Sewer)
  2 sky beasts (D:8)
  2 black bears (D:9)
  2 eyes of draining
  2 necrophages
  10 ogres
  2 phantoms (D:5)
  12 centaurs
  17 wolves
  11 crocodiles
  5 big kobolds
  18 bullfrogs
  4 scorpions
  9 killer bees
  10 wights
  2 electric eels
  3 howler monkeys
  8 crimson imps
  5 lava snakes (Lair:6)
  33 orc priests
  A bullfrog zombie (D:12)
  6 jellies
  A gnoll shaman (D:6)
  7 hounds
  38 orc wizards
  3 centaur skeletons
  4 bullfrog skeletons
  14 worker ants
  3 iguanas
  Robin (D:3)
  A hound skeleton (D:4)
  10 gnolls
  15 adders
  A shadow imp (D:9)
  3 worms
  A dart slug (D:2)
  3 leopard geckos
  146 orcs
  3 ball pythons
  6 giant cockroaches
  14 goblins
  9 hobgoblins
  15 jackals
  24 kobolds
  3 quokkas
  A ball python skeleton (D:4)
  6 bats
  13 frilled lizards
  A jackal skeleton (D:8)
  A leopard gecko skeleton (D:6)
  A quokka skeleton (D:5)
  5 rats
  3 fungi
  9 plants
875 creatures vanquished.

Vanquished Creatures (others)
  An orc warrior (Orc:1)
  A centaur (D:15)
  An orc (Orc:2)
  A kobold (D:14)
  13 fungi
  8 plants
25 creatures vanquished.

Grand Total: 900 creatures vanquished

Notes
Turn   | Place    | Note
-------+----------+-------------------------------------------
     0 | D:1      | 1994 the Formicid Fighter began the quest for the Orb.
     0 | D:1      | Reached XP level 1. HP: 18/18 MP: 1/1
   167 | D:1      | Reached XP level 2. HP: 24/24 MP: 2/2
  1240 | D:1      | Reached XP level 3. HP: 20/29 MP: 3/3
  1427 | D:2      | Found a glowing silver altar of Zin.
  1430 | D:2      | Found an ornate altar of the Wu Jian Council.
  1476 | D:2      | Reached skill level 3 in Axes
  1650 | D:2      | Reached XP level 4. HP: 33/35 MP: 4/4
  1932 | D:3      | Reached skill level 5 in Shields
  2428 | D:3      | Reached XP level 5. HP: 36/41 MP: 5/5
  2651 | D:3      | Noticed Robin
  2677 | D:3      | Killed Robin
  2680 | D:3      | Reached skill level 4 in Axes
  3207 | D:4      | Found a shattered altar of Ashenzari.
  3208 | D:4      | Noticed an ogre
  3220 | D:4      | Killed an ogre
  3220 | D:4      | Reached XP level 6. HP: 44/47 MP: 6/6
  4240 | D:5      | Entered Level 5 of the Dungeon
  4265 | D:5      | Noticed a phantom
  4276 | D:5      | Found a staircase to the Ecumenical Temple.
  4299 | Temple   | Entered the Ecumenical Temple
  4593 | D:5      | Killed a phantom
  4593 | D:5      | Reached skill level 5 in Axes
  4593 | D:5      | Reached XP level 7. HP: 45/54 MP: 7/7
  5013 | D:5      | Found an iron altar of Okawaru.
  5144 | D:5      | Reached XP level 8. HP: 32/61 MP: 8/8
  5699 | D:6      | Reached skill level 6 in Axes
  5815 | D:6      | Found a glowing drain.
  5838 | Sewer    | Entered a sewer
  5924 | Sewer    | Noticed Purgy
  5940 | Sewer    | Killed Purgy
  6178 | D:6      | Reached skill level 5 in Fighting
  7320 | D:7      | Reached skill level 7 in Axes
  7322 | D:7      | Reached XP level 9. HP: 61/68 MP: 9/9
  8327 | D:7      | Found a shattered altar of Ashenzari.
  8327 | D:7      | Found a basalt altar of Yredelemnul.
  8332 | D:7      | Found a faded altar of an unknown god.
  8334 | D:7      | Found a hide-covered altar of Uskayaw.
  8335 | D:7      | Found a faded altar of an unknown god.
  8352 | D:7      | Became a worshipper of Uskayaw the Reveler
  8437 | D:7      | Found a hide-covered altar of Uskayaw.
  8442 | D:7      | Reached * piety under Uskayaw
  8448 | D:7      | Reached ** piety under Uskayaw
  8458 | D:7      | Noticed a hippogriff
  8480 | D:7      | Killed a hippogriff
  8480 | D:7      | Reached skill level 8 in Axes
  8480 | D:7      | Reached skill level 1 in Invocations
  9035 | D:8      | Noticed a hippogriff
  9044 | D:7      | Reached *** piety under Uskayaw
  9048 | D:7      | Reached **** piety under Uskayaw
  9050 | D:7      | Killed a hippogriff
  9189 | D:8      | Found a radiant altar of Vehumet.
  9266 | D:8      | Reached skill level 5 in Armour
  9266 | D:8      | Reached XP level 10. HP: 32/77 MP: 5/12
  9585 | D:7      | Reached skill level 9 in Axes
  9682 | D:8      | Reached skill level 5 in Invocations
  9915 | D:8      | Noticed a two-headed ogre
  9937 | D:8      | Killed a two-headed ogre
 10335 | D:9      | Found a bloodstained altar of Trog.
 10625 | D:9      | Noticed Pikel
 10642 | D:9      | Killed Pikel
 10709 | D:9      | Noticed Gastronok
 10971 | D:9      | Reached XP level 11. HP: 58/85 MP: 14/16
 11193 | D:9      | Killed Gastronok
 11193 | D:9      | Reached skill level 10 in Axes
 11193 | D:9      | Reached skill level 10 in Shields
 11628 | D:10     | Entered Level 10 of the Dungeon
 11650 | D:10     | Noticed a two-headed ogre
 11662 | D:10     | Killed a two-headed ogre
 11730 | D:10     | Noticed a death yak
 11731 | D:10     | Noticed a death yak
 11733 | D:10     | Noticed a death yak
 11900 | D:8      | Killed a death yak
 12018 | D:9      | Killed a death yak
 12223 | D:10     | Noticed a death yak
 12252 | D:9      | Killed a death yak
 12358 | D:10     | Noticed a death yak
 12412 | D:9      | Killed a death yak
 12412 | D:9      | Reached skill level 11 in Axes
 12412 | D:9      | Reached XP level 12. HP: 84/94 MP: 16/18
 12481 | D:9      | Killed a death yak
 12715 | D:10     | Found a staircase to the Lair.
 12955 | D:10     | Identified the Collected Works on Necromancy
 13767 | D:11     | Found a roughly hewn altar of Beogh.
 13767 | D:11     | Found a staircase to the Orcish Mines.
 13804 | D:11     | Reached ***** piety under Uskayaw
 13811 | D:11     | Reached ****** piety under Uskayaw
 14466 | Lair:1   | Entered Level 1 of the Lair of Beasts
 14972 | Lair:1   | Noticed a seven-headed hydra
 14993 | Lair:1   | Killed a seven-headed hydra
 15332 | Lair:1   | Reached skill level 12 in Axes
 15761 | Lair:1   | Reached XP level 13. HP: 59/101 MP: 19/19
 17234 | Lair:3   | Found a staircase to the Snake Pit.
 17599 | Lair:3   | Noticed a seven-headed hydra
 17612 | Lair:3   | Killed a seven-headed hydra
 17941 | Lair:3   | Found a staircase to the Swamp.
 17967 | Lair:3   | You fall into a shaft and drop 3 floors!
 17967 | Lair:6   | Entered Level 6 of the Lair of Beasts
 17986 | Lair:6   | Reached skill level 10 in Fighting
 18016 | Lair:6   | Found a staircase to the Slime Pits.
 18736 | Lair:4   | You fall into a shaft and drop 2 floors!
 18736 | Lair:6   | Noticed a catoblepas
 18737 | Lair:6   | Noticed a four-headed hydra
 18774 | Lair:5   | Reached skill level 10 in Invocations
 18877 | Lair:5   | Reached skill level 13 in Axes
 19209 | Lair:4   | Reached XP level 14. HP: 111/111 MP: 21/21
 19270 | Lair:3   | Found a burning altar of Makhleb.
 19994 | Lair:4   | Found the +8 longbow "Zephyr" {speed, Dex+3 SInv}
 21461 | Lair:5   | Reached skill level 15 in Shields
 21558 | Lair:5   | Reached skill level 14 in Axes
 22251 | Lair:6   | Reached skill level 1 in Dodging
 23876 | D:12     | Reached XP level 15. HP: 117/117 MP: 24/24
 24069 | D:12     | Noticed Nessos
 24079 | D:12     | Killed Nessos
 24365 | D:12     | Found Legog's Antique Weapon Shop.
 25997 | Lair:6   | Found a large runed translucent door.
 26382 | Lair:6   | Found a large runed translucent door.
 26395 | Lair:6   | Reached skill level 15 in Axes
 27067 | D:13     | Found an opulent altar of Gozag.
 27447 | Orc:1    | Entered Level 1 of the Orcish Mines
 27522 | Orc:1    | Noticed a stone giant
 27856 | Orc:1    | Killed a stone giant
 28194 | Orc:1    | Found a roughly hewn altar of Beogh.
 28564 | Orc:2    | Entered Level 2 of the Orcish Mines
 28585 | Orc:2    | Found a roughly hewn altar of Beogh.
 28585 | Orc:2    | Found a staircase to the Elven Halls.
 29004 | Orc:2    | Found a roughly hewn altar of Beogh.
 29305 | Orc:2    | Noticed an orc warlord
 29464 | Orc:2    | Killed an orc warlord
 29806 | Orc:2    | Found Xotocvoo's Antique Armour Shoppe.
 29807 | Orc:2    | Found a roughly hewn altar of Beogh.
 29808 | Orc:2    | Found Cuynahang's Antique Weapon Emporium.
 29874 | Orc:2    | Reached XP level 16. HP: 124/125 MP: 26/26
 29882 | Orc:2    | Found a roughly hewn altar of Beogh.
 29973 | Orc:2    | Found a roughly hewn altar of Beogh.
 29987 | Orc:2    | Found Yleibeng's Food Boutique.
 30032 | Orc:2    | Found a roughly hewn altar of Beogh.
 30107 | Orc:2    | Found a roughly hewn altar of Beogh.
 30174 | Orc:2    | Found a roughly hewn altar of Beogh.
 30269 | Orc:2    | Found a roughly hewn altar of Beogh.
 30291 | Orc:2    | Found Guys's Weapon Shoppe.
 31072 | D:14     | Reached skill level 5 in Dodging
 31117 | D:14     | Found a gate to the Vaults.
 31833 | D:15     | Entered Level 15 of the Dungeon
 31849 | D:15     | Found Lots's Gadget Boutique.
 31879 | D:15     | Bought a wand of acid (8) for 384 gold pieces
 31907 | D:15     | Reached skill level 16 in Axes
 32205 | D:15     | Found a staircase to the Depths.
 32380 | D:15     | Found a portal to a secret trove of treasure.
 32605 | D:15     | Noticed Louise
 32863 | Swamp:1  | Entered Level 1 of the Swamp
 33192 | Swamp:1  | HP: 2/127 [eight-headed hydra (11)]
 33192 | Swamp:1  | Slain by an eight-headed hydra

Levels and vault maps discovered:
D:1:      scummos_arrival_hexagon, layout_basic, serial_rivers,
          chequers_serial_rivers_micro_a, chequers_serial_rivers_micro_e,
          chequers_serial_rivers_micro_c, chequers_serial_rivers_micro_d,
          chequers_serial_rivers_large_a, chequers_serial_rivers_micro_c
D:2:      layout_rooms, minitemple, minmay_misc_feat_columns
D:3:      corexii_shack_village, layout_basic, first_ration, uniq_robin
D:4:      layout_basic, hangedman_decor_lopped, cheibrodos_ashenzari_chains
D:5:      layout_loops_ring, minmay_temple_entry_grid, basic_altar
D:6:      layout_loops_ring, portal_sewer_entry_d
D:7:      layout_basic, chequers_temple_overflow_minitemple, basic_altar,
          interstate_on_off, grunt_ministairs_9
D:8:      layout_cave_pools, vehumet_altar_wand_db
D:9:      layout_gridville, trog_ov_bears_minmay, uniq_pikel, uniq_gastronok
D:10:     layout_rooms, dpeg_lair_monsters
D:11:     layout_stronghold, david_orc_5
D:12:     layout_basic, serial_shops, shop_fountains, uniq_nessos
D:13:     layout_irregular_city, basic_altar
D:14:     layout_stronghold, david_vaults_2
D:15:     hangedman_depths_entry_civil_slaughter, layout_loops_ring,
          serial_shops, shop_fountains, enter_trove_6, old_standard_altar,
          uniq_louise
Temple:   regret_index_temple_generic_petals
Lair:1:   layout_regular_city, chequers_serial_rivers_micro_b, worms_lemuel,
          serial_bayou_shore_a, infiniplex_staircase_pool_2
Lair:2:   layout_misc_corridors, chequers_serial_rivers_micro_e,
          serial_bayou_shore_b, wad_woods_river_01, lemuel_fruit_fields,
          grunt_megastairs_3, lemuel_fruit_tree
Lair:3:   layout_misc_corridors, swamp_mist, guppyfry_snake_entry_island,
          basic_altar
Lair:4:   layout_gridlike, nicolae_quartered_pool_super, minivault_11,
          st_stairs_4, minmay_lair_oklob_items, grunt_megastairs_5
Lair:5:   beast_lair_carwin_large_4, layout_regular_city
Lair:6:   cheibrodos_lair_end_hotspot, layout_regular_city, slime_dummy
Swamp:1:  layout_basic_swamp, evilmike_swamp_ruin_house_6
Orc:1:    layout_caves, basic_altar, mumra_transporter_accident,
          lightli_orcish_oven
Orc:2:    grunt_orc_community_town_hall, layout_diamond_mine,
          grunt_orc_community_big_house_2, grunt_orc_community_big_house_2,
          grunt_orc_community_house_2, grunt_orc_community_house_3,
          grunt_orc_community_house_3, grunt_orc_community_house_1,
          grunt_orc_community_house_1, grunt_orc_community_house_2, basic_altar

Skill      XL: |  1  2  3  4  5  6  7  8  9 10 11 12 13 14 15 16 |
---------------+-------------------------------------------------+-----
Shields        | 4 5 6 7 8 9 11 12 13 15 | 15.0
Axes           | 3 4 5 7 8 9 11 12 13 14 15 16 | 16.3
Fighting       | 4 5 6 7 8 9 10 11 12 | 12.0
Armour         | 5 6 7 8 9 |  9.8
Invocations    | 3 6 8 9 10 12 13 14 | 14.4
Dodging        | 1 4 6 |  6.1

Action                   |  1- 3 |  4- 6 |  7- 9 | 10-12 | 13-15 | 16-18 || total
-------------------------+-------+-------+-------+-------+-------+-------++-------
Melee: War axe           |    84 |   250 |   133 |   178 |   687 |       ||  1332
       Hand axe          |       |     4 |   233 |   459 |   100 |       ||   796
       Dire flail        |       |       |       |     8 |    47 |    43 ||    98
       Battleaxe         |       |       |       |       |   672 |   332 ||  1004
Throw: Stone             |     2 |       |       |       |       |       ||     2
       Dart              |       |     1 |     4 |     4 |       |       ||     9
Invok: Stomp             |       |       |     2 |     7 |     9 |     9 ||    27
       Line Pass         |       |       |       |     3 |     5 |     1 ||     9
 Abil: Dig               |       |       |       |       |     4 |       ||     4
Evoke: Wand              |       |       |     7 |       |     6 |       ||    13
  Use: Scroll            |       |     4 |     5 |       |    13 |       ||    22
       Potion            |       |       |     4 |       |     1 |     2 ||     7
 Stab: Paralysed         |       |       |     8 |    58 |   176 |    36 ||   278
       Distracted        |       |       |       |     2 |       |       ||     2
       Confused          |       |       |       |       |     2 |     1 ||     3
  Eat: Chunk             |     2 |     9 |    13 |    15 |    48 |    11 ||    98
       Ration            |       |       |     1 |     3 |     1 |     1 ||     6
Armor: Scale mail        |    31 |    62 |    45 |       |       |       ||   138
       Plate armour      |       |       |    81 |   163 |    21 |   133 ||   398
       Chain mail        |       |       |       |    42 |   321 |       ||   363
Dodge: Dodged            |    33 |   100 |   117 |   112 |   258 |    80 ||   700
Block: Shield            |    48 |   137 |   185 |    68 |       |       ||   438
       Large shield      |       |       |       |   435 |  1308 |   400 ||  2143
       Reflection        |       |       |       |     1 |    50 |    25 ||    76
